Devils vs Nordiques
Created - 17 mars 2017 at 19:03
Goals
|
| Devils |
1 |
0 |
0 |
1 |
| Nordiques |
2 |
0 |
1 |
3 |
|
Shots
|
| Devils |
14 |
8 |
4 |
26 |
| Nordiques |
17 |
5 |
8 |
30 |
|
1st period
1. Nordiques , Rich Peverley 10 (Nikolai Kulemin, Pascal Dupuis) at 6:39
2. Nordiques , R.J. Umberger 23 (Marek Svatos, Chris Drury) at 15:42
3. Devils , Anthony Stewart 4 (Ilya Kovalchuk, Brent Seabrook) at 16:37 (PP)
Penalties :
Dustin Byfuglien (Que) for High sticking (Minor) at 16:27, Steve Ott (NJD) for Hooking (Minor) at 19:00
2nd period
No Goal
Penalties :
Dan Boyle (NJD) for Interference (Minor) at 5:35, Ilya Kovalchuk (NJD) for Hooking (Minor) at 8:46, T.J. Fast (Que) for Hooking (Minor) at 14:08, Dmitry Kulikov (Que) for Hooking (Minor) at 16:39
3rd period
4. Nordiques , R.J. Umberger 24 (Marek Svatos, Ryan Ellis) at 14:45 (PP)
Penalties :
Ted Purcell (NJD) for Roughing (Minor) at 1:31, Matt Duchene (NJD) for Cross-checking (Minor) at 7:14, Dominic Moore (NJD) for Slashing (Minor) at 14:23
Goalie Stats
Cam Ward (NJD), 27 saves from 30 shots - (0,900), L, 21-26-6, 60:00 minutes
Martin Brodeur (Que), 25 saves from 26 shots - (0,962), W, 20-13-7, 60:00 minutes
Players Stats for Devils
Player Name G A P +/- PIM S H SB GA TA FO MP PP MP PK MP
------------------------------------------------------------------------------------
Adam Pardy 0 0 0 -2 0 1 0 0 1 0 0/0 20:58 1:43 5:16
Alexandre Burrows 0 0 0 -1 0 0 1 0 0 0 0/0 7:10 0:00 1:48
Anthony Stewart 1 0 1 0 0 2 0 0 0 0 1/1 15:06 2:03 0:00
Brad Richardson 0 0 0 -1 0 0 1 1 1 0 0/2 16:19 1:53 0:00
Brent Seabrook 0 1 1 0 0 2 1 0 1 1 0/0 26:29 2:25 5:10
Chris Mcallister 0 0 0 0 0 2 3 1 1 0 0/0 12:35 0:12 0:13
Dan Boyle 0 0 0 0 2 2 0 0 1 0 0/0 25:21 2:25 4:03
Dominic Moore 0 0 0 0 2 3 0 0 0 0 16/25 20:35 2:03 5:27
Ilya Kovalchuk 0 1 1 -1 2 5 1 3 0 0 6/9 24:26 2:10 4:51
Karl Alzner 0 0 0 0 0 2 0 1 0 0 0/0 12:45 0:00 0:03
Kyle Cumiskey 0 0 0 0 0 0 2 0 0 1 0/0 13:40 0:00 0:58
Matt Duchene 0 0 0 -1 2 2 4 0 0 0 4/8 19:20 1:45 3:02
Mike Komisarek 0 0 0 -2 0 0 2 2 0 0 0/0 20:46 1:43 5:04
Steve Ott 0 0 0 0 2 0 0 0 1 0 3/6 15:59 0:00 3:17
Steve Quailer 0 0 0 0 0 0 1 0 0 0 0/0 11:46 0:00 0:00
Ted Purcell 0 0 0 -1 2 3 2 0 0 1 0/0 17:55 1:53 1:41
Tyler Arnason 0 0 0 -1 0 2 0 0 0 0 2/3 5:38 0:00 0:15
Tyler Bozak 0 0 0 0 0 0 0 0 0 0 0/0 2:49 0:25 0:00
Players Stats for Nordiques
Player Name G A P +/- PIM S H SB GA TA FO MP PP MP PK MP
------------------------------------------------------------------------------------
Chris Drury 0 1 1 1 0 3 2 1 0 1 14/32 22:18 5:50 1:24
Dmitry Kulikov 0 0 0 0 2 1 0 2 0 0 0/0 19:10 3:20 0:10
Dustin Byfuglien 0 0 0 0 2 2 2 2 0 1 0/0 26:24 6:57 1:35
Fedor Tyutin 0 0 0 0 0 1 0 0 1 0 0/0 23:50 3:20 0:47
Kyle Calder 0 0 0 0 0 0 1 0 0 0 0/0 12:23 0:00 1:38
Marek Svatos 0 2 2 1 0 5 1 0 1 0 0/0 20:54 5:50 0:00
Mark Eaton 0 0 0 2 0 1 1 2 0 0 0/0 14:40 0:00 2:38
Matt Moulson 0 0 0 0 0 1 1 0 0 0 0/0 16:52 4:27 0:14
Michael Ryder 0 0 0 0 0 0 1 0 0 0 1/1 10:37 0:00 0:00
Nikita Kucherov 0 0 0 0 0 2 2 0 1 0 0/0 16:38 4:27 0:00
Nikolai Kulemin 0 1 1 1 0 0 0 0 0 0 0/0 7:34 0:00 0:00
Pascal Dupuis 0 1 1 1 0 0 0 0 0 0 0/0 9:51 0:00 2:16
Paul Gaustad 0 0 0 0 0 4 4 0 0 1 0/7 12:52 0:00 2:06
R.J. Umberger 2 0 2 1 0 4 1 1 0 0 2/2 20:54 5:50 0:00
Rich Peverley 1 0 1 1 0 3 0 0 0 0 1/6 7:41 0:00 0:07
Ryan Ellis 0 1 1 0 0 1 1 1 0 0 0/0 22:27 6:57 1:40
T.J. Fast 0 0 0 2 2 0 2 0 0 2 0/0 13:35 0:00 1:26
Vaclav Prospal 0 0 0 0 0 2 1 1 0 1 4/6 17:09 4:27 0:31
3 Stars
1 - R.J. Umberger (Que)
2 - Martin Brodeur (Que)
3 - Marek Svatos (Que)
Power Play
Devils - 1 on 3 Attempt(s) - 33,33%
Nordiques - 1 on 6 Attempt(s) - 16,67%
Penalty Kill
Devils - 5 on 6 Attempt(s) - 83,33%
- Score 0 goal in Penalty Kill
Nordiques - 2 on 3 Attempt(s) - 66,67%
- Score 0 goal in Penalty Kill
Team Stat
Devils - Hits : 18 - Faceoff Wins : 32 - Blocked Shots : 8 - Penalty Minutes : 12
Nordiques - Hits : 20 - Faceoff Wins : 22 - Blocked Shots : 10 - Penalty Minutes : 6
Official
Referees : L'Ecuyer Frederick and Hebert Ghislain
Linesman : Jay Sharrers and Andy McElman
Game Notes
No Game Note
Finance
Level 1 -- Attendance: 3902 (65,03%) -- Ticket Income 390 200 $
Level 2 -- Attendance: 3539 (70,78%) -- Ticket Income 212 340 $
Level 3 -- Attendance: 1209 (60,45%) -- Ticket Income 49 569 $
Level 4 -- Attendance: 2473 (61,83%) -- Ticket Income 74 190 $
Luxury Box -- Attendance: 996 (99,60%) -- Ticket Income 159 360 $
Game was played at the Centre Videotron.
Total Attendance: 12119 (67,33%)
Total Ticket Income: 885 659 $
Other Income: 132 849 $
Total Income: 1 018 508 $
Devils
5 vs 5 Forward
Center Left Wing Right Wing Time % Phy DF OF
1 Dominic Moore Ilya Kovalchuk Anthony Stewart 40 1 2 2
2 Matt Duchene Ted Purcell Brad Richardson 30 1 2 2
3 Steve Ott Chris Mcallister Steve Quailer 20 1 2 2
4 Tyler Arnason Alexandre Burrows Ilya Kovalchuk 10 1 2 2
5 vs 5 Defense
Defense Defense Time % Phy DF OF
1 Brent Seabrook Dan Boyle 40 1 2 2
2 Mike Komisarek Adam Pardy 30 1 2 2
3 Karl Alzner Kyle Cumiskey 20 1 2 2
4 Brent Seabrook Dan Boyle 10 1 2 2
PowerPlay Forward
Center Left Wing Right Wing Time % Phy DF OF
1 Dominic Moore Ilya Kovalchuk Anthony Stewart 60 1 2 2
2 Matt Duchene Ted Purcell Brad Richardson 40 1 2 2
PowerPlay Defense
Defense Defense Time % Phy DF OF
1 Brent Seabrook Dan Boyle 60 1 2 2
2 Mike Komisarek Adam Pardy 40 1 2 2
Penalty Kill 4 Players Forward
Center Wing Time % Phy DF OF
1 Ilya Kovalchuk Dominic Moore 60 1 2 2
2 Matt Duchene Ted Purcell 40 1 2 2
Penalty Kill 4 Players Defense
Defense Defense Time % Phy DF OF
1 Brent Seabrook Dan Boyle 60 1 2 2
2 Mike Komisarek Adam Pardy 40 1 2 2
Penalty Kill - 3 Players Forward
Forward Time % Phy DF OF
1 Ilya Kovalchuk 60 1 2 2
2 Dominic Moore 40 1 2 2
Penalty Kill - 3 Players Defense
Defense Defense Time % Phy DF OF
1 Brent Seabrook Dan Boyle 60 1 2 2
2 Mike Komisarek Adam Pardy 40 1 2 2
4 vs 4 Forward
Center Wing Time % Phy DF OF
1 Ilya Kovalchuk Dominic Moore 60 1 2 2
2 Matt Duchene Ted Purcell 40 1 2 2
4 vs 4 Defense
Defense Defense Time % Phy DF OF
1 Brent Seabrook Dan Boyle 60 1 2 2
2 Mike Komisarek Adam Pardy 40 1 2 2
Last Minutes Offensive
Center Left Wing Right Wing Defense Defense
Dominic Moore Ilya Kovalchuk Anthony Stewart Brent Seabrook Dan Boyle
Last Minutes Defensive
Center Left Wing Right Wing Defense Defense
Dominic Moore Ilya Kovalchuk Anthony Stewart Brent Seabrook Dan Boyle
Goaltenders
Starting : Cam Ward
Backup : James Reimer
Extra Forwards
Normal : Tyler Bozak, Chris Mcallister, Steve Ott - PP : Tyler Bozak, Chris Mcallister - PK : Steve Ott
Extra Defensemen
Normal : Karl Alzner, Kyle Cumiskey, Mike Komisarek - PP : Karl Alzner - PK : Kyle Cumiskey, Mike Komisarek
Penalty Shots
Ilya Kovalchuk, Dominic Moore, Matt Duchene, Ted Purcell, Chris Mcallister
Nordiques
5 vs 5 Forward
Center Left Wing Right Wing Time % Phy DF OF
1 Chris Drury R.J. Umberger Marek Svatos 40 0 2 3
2 Vaclav Prospal Matt Moulson Nikita Kucherov 30 0 2 3
3 Paul Gaustad Kyle Calder Michael Ryder 20 0 2 3
4 Rich Peverley Nikolai Kulemin Pascal Dupuis 10 0 2 3
5 vs 5 Defense
Defense Defense Time % Phy DF OF
1 Fedor Tyutin Dustin Byfuglien 40 0 5 0
2 Dmitry Kulikov Ryan Ellis 30 0 5 0
3 T.J. Fast Mark Eaton 20 0 5 0
4 Fedor Tyutin Dustin Byfuglien 10 0 5 0
PowerPlay Forward
Center Left Wing Right Wing Time % Phy DF OF
1 Chris Drury R.J. Umberger Marek Svatos 60 0 0 5
2 Vaclav Prospal Matt Moulson Nikita Kucherov 40 0 0 5
PowerPlay Defense
Defense Defense Time % Phy DF OF
1 Dustin Byfuglien Ryan Ellis 60 0 2 3
2 Fedor Tyutin Dmitry Kulikov 40 0 2 3
Penalty Kill 4 Players Forward
Center Wing Time % Phy DF OF
1 Paul Gaustad Pascal Dupuis 60 0 4 1
2 Kyle Calder Vaclav Prospal 40 0 4 1
Penalty Kill 4 Players Defense
Defense Defense Time % Phy DF OF
1 T.J. Fast Mark Eaton 60 0 4 1
2 Dustin Byfuglien Ryan Ellis 40 0 4 1
Penalty Kill - 3 Players Forward
Forward Time % Phy DF OF
1 Paul Gaustad 60 0 5 0
2 Pascal Dupuis 40 0 5 0
Penalty Kill - 3 Players Defense
Defense Defense Time % Phy DF OF
1 T.J. Fast Mark Eaton 60 0 5 0
2 Dustin Byfuglien Dmitry Kulikov 40 0 5 0
4 vs 4 Forward
Center Wing Time % Phy DF OF
1 R.J. Umberger Chris Drury 60 0 1 4
2 Marek Svatos Vaclav Prospal 40 0 1 4
4 vs 4 Defense
Defense Defense Time % Phy DF OF
1 Dustin Byfuglien Dmitry Kulikov 60 0 3 2
2 Fedor Tyutin Ryan Ellis 40 0 3 2
Last Minutes Offensive
Center Left Wing Right Wing Defense Defense
Chris Drury R.J. Umberger Marek Svatos Dustin Byfuglien Fedor Tyutin
Last Minutes Defensive
Center Left Wing Right Wing Defense Defense
Paul Gaustad Kyle Calder Pascal Dupuis T.J. Fast Mark Eaton
Goaltenders
Starting : Martin Brodeur
Backup : Julien Ellis
Extra Forwards
Normal : Chris Drury, Marek Svatos, Matt Moulson - PP : Chris Drury, Marek Svatos - PK : Pascal Dupuis
Extra Defensemen
Normal : Dmitry Kulikov, Ryan Ellis, Dustin Byfuglien - PP : Dmitry Kulikov - PK : Ryan Ellis, Dustin Byfuglien
Penalty Shots
R.J. Umberger, Chris Drury, Marek Svatos, Vaclav Prospal, Paul Gaustad
% Time on Ice - Devils
Lines # - Real PCT - Wanted PCT - Time Play
Normal Forward
1 - 30% - 40% - 13:53
2 - 32% - 30% - 14:41
3 - 26% - 20% - 11:46
4 - 12% - 10% - 5:15
Normal Defense
1 - 38% - 40% - 17:27
2 - 31% - 30% - 13:59
3 - 27% - 20% - 12:17
4 - 4% - 10% - 1:52
PP Forward
1 - 54% - 60% - 2:15
2 - 46% - 40% - 1:53
PP Defense
1 - 58% - 60% - 2:25
2 - 42% - 40% - 1:43
PK Forward
1 - 75% - 60% - 7:41
2 - 25% - 40% - 2:36
PK Defense
1 - 53% - 60% - 5:26
2 - 47% - 40% - 4:51
PK3 Forward
1 - 0% - 60%
2 - 0% - 40%
PK3 Defense
1 - 0% - 60%
2 - 0% - 40%
44 Forward
1 - 0% - 60%
2 - 0% - 40%
44 Defense
1 - 0% - 60%
2 - 0% - 40%
Last Minute Offensive - 0:00
Last Minute Defensive - 0:00
Total
Forward - 60:00
Defense - 60:00
|
% Time on Ice - Nordiques
Lines # - Real PCT - Wanted PCT - Time Play
Normal Forward
1 - 33% - 40% - 15:13
2 - 27% - 30% - 12:11
3 - 23% - 20% - 10:37
4 - 17% - 10% - 7:34
Normal Defense
1 - 41% - 40% - 18:47
2 - 29% - 30% - 13:16
3 - 26% - 20% - 12:02
4 - 3% - 10% - 1:30
PP Forward
1 - 57% - 60% - 5:50
2 - 43% - 40% - 4:27
PP Defense
1 - 68% - 60% - 6:57
2 - 32% - 40% - 3:20
PK Forward
1 - 88% - 60% - 3:37
2 - 13% - 40% - 0:31
PK Defense
1 - 83% - 60% - 3:25
2 - 17% - 40% - 0:43
PK3 Forward
1 - 0% - 60%
2 - 0% - 40%
PK3 Defense
1 - 0% - 60%
2 - 0% - 40%
44 Forward
1 - 0% - 60%
2 - 0% - 40%
44 Defense
1 - 0% - 60%
2 - 0% - 40%
Last Minute Offensive - 0:00
Last Minute Defensive - 0:00
Total
Forward - 60:00
Defense - 60:00
|
Play by Play
1st period
0:01 of 1st period - Chris Drury wins face-off versus Dominic Moore in neutral zone.
0:12 of 1st period - Wrist shot by Marek Svatos.
0:12 of 1st period - Shot Misses the Net.
0:47 of 1st period - Ryan Ellis is hit by Alexandre Burrows and loses puck.
1:30 of 1st period - Marek Svatos is hit by Matt Duchene and loses puck.
1:53 of 1st period - Snap shot by Dominic Moore.
1:53 of 1st period - Stopped by Martin Brodeur with a rebound.
2:03 of 1st period - Snap shot by Nikita Kucherov.
2:03 of 1st period - Stopped by Cam Ward with a rebound.
2:05 of 1st period - Snap shot by Kyle Calder.
2:05 of 1st period - Shot Blocked by Chris Mcallister.
2:35 of 1st period - Snap shot by Marek Svatos.
2:35 of 1st period - Shot Misses the Net.
2:37 of 1st period - Wrist shot by R.J. Umberger.
2:37 of 1st period - Deflect By Chris Drury.
2:37 of 1st period - Stopped by Cam Ward without a rebound.
2:38 of 1st period - Vaclav Prospal wins face-off versus Brad Richardson in Devils zone.
3:12 of 1st period - Backhand shot by Chris Drury.
3:12 of 1st period - Shot Blocked by Mike Komisarek.
3:14 of 1st period - Slapshot by Mark Eaton.
3:14 of 1st period - Stopped by Cam Ward with a rebound.
3:38 of 1st period - Snap shot by Kyle Calder.
3:38 of 1st period - Shot Misses the Net.
3:40 of 1st period - Snap shot by Paul Gaustad.
3:40 of 1st period - Shot Misses the Net.
3:42 of 1st period - Backhand shot by Paul Gaustad.
3:42 of 1st period - Shot Misses the Net.
3:51 of 1st period - Icing by Ted Purcell.
3:52 of 1st period - Rich Peverley wins face-off versus Matt Duchene in Devils zone.
4:01 of 1st period - Wrist shot by Matt Duchene.
4:01 of 1st period - Stopped by Martin Brodeur without a rebound.
4:02 of 1st period - Chris Drury wins face-off versus Dominic Moore in Nordiques zone.
4:11 of 1st period - Slapshot by Ilya Kovalchuk.
4:11 of 1st period - Shot Blocked by R.J. Umberger.
4:13 of 1st period - Wrist shot by Brent Seabrook.
4:13 of 1st period - Deflect By Ilya Kovalchuk.
4:13 of 1st period - Stopped by Martin Brodeur with a rebound.
4:15 of 1st period - Slapshot by Brent Seabrook.
4:15 of 1st period - Deflect By Fedor Tyutin.
4:15 of 1st period - Stopped by Martin Brodeur with a rebound.
4:17 of 1st period - Snap shot by Anthony Stewart.
4:17 of 1st period - Deflect By Marek Svatos.
4:17 of 1st period - Shot Misses the Net.
4:17 of 1st period - Puck is out of play.
4:18 of 1st period - Matt Duchene wins face-off versus Vaclav Prospal in Nordiques zone.
4:33 of 1st period - Wrist shot by Vaclav Prospal.
4:33 of 1st period - Stopped by Cam Ward with a rebound.
4:54 of 1st period - Snap shot by Ted Purcell.
4:54 of 1st period - Stopped by Martin Brodeur with a rebound.
4:56 of 1st period - Wrist shot by Karl Alzner.
4:56 of 1st period - Stopped by Martin Brodeur with a rebound.
4:58 of 1st period - Wrist shot by Kyle Cumiskey.
4:58 of 1st period - Deflect By Matt Duchene.
4:58 of 1st period - Stopped by Martin Brodeur with a rebound.
5:08 of 1st period - Kyle Cumiskey is hit by Paul Gaustad.
5:41 of 1st period - Off-side.
5:42 of 1st period - Dominic Moore wins face-off versus Chris Drury in neutral zone.
5:53 of 1st period - Snap shot by Dominic Moore.
5:53 of 1st period - Shot Blocked by Mark Eaton.
5:55 of 1st period - Slapshot by Dan Boyle.
5:55 of 1st period - Shot Blocked by Chris Drury.
5:57 of 1st period - Slapshot by Dan Boyle.
5:57 of 1st period - Deflect By Marek Svatos.
5:57 of 1st period - Stopped by Martin Brodeur with a rebound.
6:09 of 1st period - Dan Boyle is hit by T.J. Fast and loses puck.
6:37 of 1st period - Snap shot by Nikolai Kulemin.
6:37 of 1st period - Shot Misses the Net.
6:39 of 1st period - Snap shot by Rich Peverley.
6:39 of 1st period - Goal by Rich Peverley - Devils : 0 - Nordiques : 1.
6:40 of 1st period - Dominic Moore wins face-off versus Chris Drury in neutral zone.
7:55 of 1st period - Paul Gaustad is hit by Kyle Cumiskey and loses puck.
8:06 of 1st period - Snap shot by Paul Gaustad.
8:06 of 1st period - Stopped by Cam Ward with a rebound.
8:25 of 1st period - Marek Svatos is hit by Steve Quailer and loses puck.
8:42 of 1st period - Snap shot by Vaclav Prospal.
8:42 of 1st period - Shot Blocked by Ilya Kovalchuk.
8:44 of 1st period - Snap shot by Matt Moulson.
8:44 of 1st period - Stopped by Cam Ward with a rebound.
8:56 of 1st period - Pascal Dupuis is hit by Ted Purcell and loses puck.
9:26 of 1st period - Steve Ott is hit by Kyle Calder and loses puck.
9:34 of 1st period - Icing by Adam Pardy.
9:35 of 1st period - Chris Drury wins face-off versus Steve Ott in Devils zone.
10:12 of 1st period - Snap shot by Chris Drury.
10:12 of 1st period - Shot Misses the Net.
10:14 of 1st period - Slapshot by Dmitry Kulikov.
10:14 of 1st period - Stopped by Cam Ward without a rebound.
10:15 of 1st period - Dominic Moore wins face-off versus Vaclav Prospal in Devils zone.
10:20 of 1st period - Wrist shot by Dan Boyle.
10:20 of 1st period - Shot Misses the Net.
10:22 of 1st period - Wrist shot by Dominic Moore.
10:22 of 1st period - Stopped by Martin Brodeur with a rebound.
10:24 of 1st period - Snap shot by Ilya Kovalchuk.
10:24 of 1st period - Shot Misses the Net.
10:26 of 1st period - Snap shot by Dan Boyle.
10:26 of 1st period - Shot Misses the Net.
11:05 of 1st period - Snap shot by Nikita Kucherov.
11:05 of 1st period - Stopped by Cam Ward with a rebound.
11:07 of 1st period - Wrist shot by Dustin Byfuglien.
11:07 of 1st period - Stopped by Cam Ward with a rebound.
11:09 of 1st period - Wrist shot by Vaclav Prospal.
11:09 of 1st period - Stopped by Cam Ward without a rebound.
11:10 of 1st period - Anthony Stewart wins face-off versus Chris Drury in Devils zone.
11:37 of 1st period - Snap shot by Paul Gaustad.
11:37 of 1st period - Stopped by Cam Ward without a rebound.
11:38 of 1st period - Michael Ryder wins face-off versus Steve Ott in Devils zone.
12:08 of 1st period - Anthony Stewart is hit by Chris Drury and loses puck.
12:43 of 1st period - Snap shot by Ilya Kovalchuk.
12:43 of 1st period - Stopped by Martin Brodeur without a rebound.
12:44 of 1st period - Tyler Arnason wins face-off versus Rich Peverley in Nordiques zone.
12:59 of 1st period - Snap shot by Rich Peverley.
12:59 of 1st period - Stopped by Cam Ward without a rebound.
13:00 of 1st period - Dominic Moore wins face-off versus Chris Drury in Devils zone.
13:00 of 1st period - Dominic Moore is hit by Dustin Byfuglien.
13:06 of 1st period - Wrist shot by Chris Drury.
13:06 of 1st period - Deflect By Marek Svatos.
13:06 of 1st period - Stopped by Cam Ward with a rebound.
13:24 of 1st period - Matt Duchene is hit by Nikita Kucherov and loses puck.
13:47 of 1st period - Karl Alzner is hit by Michael Ryder and loses puck.
13:52 of 1st period - Snap shot by Paul Gaustad.
13:52 of 1st period - Stopped by Cam Ward with a rebound.
15:13 of 1st period - Slapshot by Vaclav Prospal.
15:13 of 1st period - Shot Hit the Post.
15:42 of 1st period - Snap shot by R.J. Umberger.
15:42 of 1st period - Goal by R.J. Umberger - Devils : 0 - Nordiques : 2.
15:43 of 1st period - Dominic Moore wins face-off versus Chris Drury in neutral zone.
15:54 of 1st period - Slapshot by Anthony Stewart.
15:54 of 1st period - Shot Blocked by Dustin Byfuglien.
15:56 of 1st period - Slapshot by Dan Boyle.
15:56 of 1st period - Deflect By Chris Drury.
15:56 of 1st period - Stopped by Martin Brodeur with a rebound.
16:27 of 1st period - Minor Penalty to Dustin Byfuglien for High sticking.
16:28 of 1st period - Dominic Moore wins face-off versus Paul Gaustad in Nordiques zone.
16:37 of 1st period - Snap shot by Anthony Stewart.
16:37 of 1st period - Goal by Anthony Stewart - Devils : 1 - Nordiques : 2.
16:38 of 1st period - R.J. Umberger wins face-off versus Dominic Moore in neutral zone.
17:05 of 1st period - Fedor Tyutin is hit by Ted Purcell and loses puck.
17:46 of 1st period - Slapshot by Ilya Kovalchuk.
17:46 of 1st period - Stopped by Martin Brodeur with a rebound.
17:48 of 1st period - Snap shot by Karl Alzner.
17:48 of 1st period - Shot Blocked by Dustin Byfuglien.
17:50 of 1st period - Slapshot by Karl Alzner.
17:50 of 1st period - Stopped by Martin Brodeur without a rebound.
17:51 of 1st period - Chris Drury wins face-off versus Dominic Moore in Nordiques zone.
18:02 of 1st period - Backhand shot by Marek Svatos.
18:02 of 1st period - Stopped by Cam Ward without a rebound.
18:03 of 1st period - Dominic Moore wins face-off versus Chris Drury in Devils zone.
18:54 of 1st period - Brent Seabrook is hit by Paul Gaustad and loses puck.
19:00 of 1st period - Minor Penalty to Steve Ott for Hooking.
19:01 of 1st period - Chris Drury wins face-off versus Ilya Kovalchuk in Devils zone.
19:01 of 1st period - Snap shot by Marek Svatos.
19:01 of 1st period - Shot Blocked by Mike Komisarek.
Goals for this period are 1 for Devils vs 2 for Nordiques.
Shots for this period are 14 for Devils vs 17 for Nordiques.
2nd period
0:01 of 2nd period - Ilya Kovalchuk wins face-off versus Chris Drury in neutral zone.
0:10 of 2nd period - Ilya Kovalchuk is hit by Chris Drury and loses puck.
1:00 of 2nd period - Penalty to Steve Ott is over, Steve Ott is back on ice.
1:37 of 2nd period - Nikolai Kulemin is hit by Mike Komisarek and loses puck.
2:17 of 2nd period - Snap shot by Tyler Arnason.
2:17 of 2nd period - Stopped by Martin Brodeur with a rebound.
2:29 of 2nd period - Ted Purcell is hit by T.J. Fast and loses puck.
2:34 of 2nd period - Slapshot by Marek Svatos.
2:34 of 2nd period - Deflect By Chris Drury.
2:34 of 2nd period - Shot Misses the Net.
2:34 of 2nd period - Puck is out of play.
2:35 of 2nd period - Vaclav Prospal wins face-off versus Steve Ott in Devils zone.
3:00 of 2nd period - R.J. Umberger is hit by Brad Richardson and loses puck.
3:32 of 2nd period - Icing by Ryan Ellis.
3:33 of 2nd period - Steve Ott wins face-off versus Paul Gaustad in Nordiques zone.
3:34 of 2nd period - Slapshot by Chris Mcallister.
3:34 of 2nd period - Stopped by Martin Brodeur without a rebound.
3:35 of 2nd period - Steve Ott wins face-off versus Chris Drury in Nordiques zone.
4:36 of 2nd period - Snap shot by Anthony Stewart.
4:36 of 2nd period - Stopped by Martin Brodeur with a rebound.
5:06 of 2nd period - Wrist shot by Ryan Ellis.
5:06 of 2nd period - Shot Misses the Net.
5:08 of 2nd period - Slapshot by Dmitry Kulikov.
5:08 of 2nd period - Shot Misses the Net.
5:10 of 2nd period - Slapshot by Ryan Ellis.
5:10 of 2nd period - Stopped by Cam Ward without a rebound.
5:11 of 2nd period - Chris Drury wins face-off versus Matt Duchene in Devils zone.
5:12 of 2nd period - Wrist shot by R.J. Umberger.
5:12 of 2nd period - Stopped by Cam Ward without a rebound.
5:13 of 2nd period - Chris Drury wins face-off versus Matt Duchene in Devils zone.
5:26 of 2nd period - Snap shot by Marek Svatos.
5:26 of 2nd period - Stopped by Cam Ward without a rebound.
5:27 of 2nd period - Chris Drury wins face-off versus Dominic Moore in Devils zone.
5:35 of 2nd period - Minor Penalty to Dan Boyle for Interference.
5:36 of 2nd period - Ilya Kovalchuk wins face-off versus Chris Drury in Devils zone.
5:52 of 2nd period - Slapshot by Dominic Moore.
5:52 of 2nd period - Shot Misses the Net.
7:35 of 2nd period - Penalty to Dan Boyle is over, Dan Boyle is back on ice.
7:43 of 2nd period - Wrist shot by Chris Mcallister.
7:43 of 2nd period - Stopped by Martin Brodeur with a rebound.
7:49 of 2nd period - Chris Mcallister is hit by Paul Gaustad and loses puck.
8:05 of 2nd period - Off-side.
8:06 of 2nd period - Matt Duchene wins face-off versus Rich Peverley in neutral zone.
8:09 of 2nd period - Slapshot by Brent Seabrook.
8:09 of 2nd period - Stopped by Martin Brodeur with a rebound.
8:31 of 2nd period - Wrist shot by Marek Svatos.
8:31 of 2nd period - Stopped by Cam Ward without a rebound.
8:32 of 2nd period - Chris Drury wins face-off versus Dominic Moore in Devils zone.
8:37 of 2nd period - Snap shot by Chris Drury.
8:37 of 2nd period - Shot Blocked by Ilya Kovalchuk.
8:43 of 2nd period - Backhand shot by Chris Drury.
8:43 of 2nd period - Stopped by Cam Ward without a rebound.
8:44 of 2nd period - Dominic Moore wins face-off versus Chris Drury in Devils zone.
8:46 of 2nd period - Minor Penalty to Ilya Kovalchuk for Hooking.
8:47 of 2nd period - Steve Ott wins face-off versus Chris Drury in Devils zone.
8:55 of 2nd period - Dan Boyle is hit by R.J. Umberger and loses puck.
9:37 of 2nd period - Marek Svatos is hit by Matt Duchene and loses puck.
10:46 of 2nd period - Penalty to Ilya Kovalchuk is over, Ilya Kovalchuk is back on ice.
10:52 of 2nd period - Anthony Stewart is hit by Vaclav Prospal and loses puck.
11:25 of 2nd period - T.J. Fast is hit by Matt Duchene and loses puck.
11:40 of 2nd period - Wrist shot by Ilya Kovalchuk.
11:40 of 2nd period - Shot Blocked by Dmitry Kulikov.
12:02 of 2nd period - Icing by Michael Ryder.
12:03 of 2nd period - Dominic Moore wins face-off versus Chris Drury in Nordiques zone.
12:31 of 2nd period - Snap shot by Ted Purcell.
12:31 of 2nd period - Shot Misses the Net.
12:33 of 2nd period - Slapshot by Adam Pardy.
12:33 of 2nd period - Shot Misses the Net.
12:35 of 2nd period - Slapshot by Adam Pardy.
12:35 of 2nd period - Stopped by Martin Brodeur with a rebound.
12:45 of 2nd period - Alexandre Burrows is hit by Matt Moulson and loses puck.
13:35 of 2nd period - Brad Richardson is hit by Dustin Byfuglien and loses puck.
14:06 of 2nd period - Wrist shot by Matt Duchene.
14:06 of 2nd period - Shot Blocked by Vaclav Prospal.
14:08 of 2nd period - Minor Penalty to T.J. Fast for Hooking.
14:09 of 2nd period - Dominic Moore wins face-off versus Paul Gaustad in Nordiques zone.
16:08 of 2nd period - Penalty to T.J. Fast is over, T.J. Fast is back on ice.
16:39 of 2nd period - Minor Penalty to Dmitry Kulikov for Hooking.
16:40 of 2nd period - Matt Duchene wins face-off versus Paul Gaustad in Nordiques zone.
16:54 of 2nd period - Off-side.
16:55 of 2nd period - Dominic Moore wins face-off versus Paul Gaustad in neutral zone.
17:06 of 2nd period - Slapshot by Ilya Kovalchuk.
17:06 of 2nd period - Stopped by Martin Brodeur with a rebound.
18:39 of 2nd period - Penalty to Dmitry Kulikov is over, Dmitry Kulikov is back on ice.
18:57 of 2nd period - Nikita Kucherov is hit by Chris Mcallister and loses puck.
19:51 of 2nd period - Snap shot by Dominic Moore.
19:51 of 2nd period - Stopped by Martin Brodeur with a rebound.
Goals for this period are 0 for Devils vs 0 for Nordiques.
Shots for this period are 8 for Devils vs 5 for Nordiques.
3rd period
0:01 of 3rd period - Chris Drury wins face-off versus Dominic Moore in neutral zone.
0:04 of 3rd period - Slapshot by Dustin Byfuglien.
0:04 of 3rd period - Shot Blocked by Ilya Kovalchuk.
0:06 of 3rd period - Wrist shot by R.J. Umberger.
0:06 of 3rd period - Stopped by Cam Ward with a rebound.
0:30 of 3rd period - Wrist shot by Nikita Kucherov.
0:30 of 3rd period - Shot Blocked by Brad Richardson.
0:32 of 3rd period - Snap shot by Fedor Tyutin.
0:32 of 3rd period - Deflect By Vaclav Prospal.
0:32 of 3rd period - Shot Misses the Net.
0:32 of 3rd period - Puck is out of play.
0:33 of 3rd period - Vaclav Prospal wins face-off versus Matt Duchene in Devils zone.
0:46 of 3rd period - Wrist shot by Matt Duchene.
0:46 of 3rd period - Shot Blocked by Dmitry Kulikov.
0:48 of 3rd period - Snap shot by Ted Purcell.
0:48 of 3rd period - Stopped by Martin Brodeur without a rebound.
0:49 of 3rd period - Dominic Moore wins face-off versus Chris Drury in Nordiques zone.
1:04 of 3rd period - Wrist shot by Chris Drury.
1:04 of 3rd period - Stopped by Cam Ward with a rebound.
1:16 of 3rd period - Brent Seabrook is hit by Nikita Kucherov and loses puck.
1:31 of 3rd period - Minor Penalty to Ted Purcell for Roughing.
1:32 of 3rd period - R.J. Umberger wins face-off versus Ilya Kovalchuk in Devils zone.
1:37 of 3rd period - Snap shot by R.J. Umberger.
1:37 of 3rd period - Deflect By Dominic Moore.
1:37 of 3rd period - Shot Misses the Net.
1:37 of 3rd period - Puck is out of play.
1:38 of 3rd period - Ilya Kovalchuk wins face-off versus Chris Drury in Devils zone.
1:47 of 3rd period - Wrist shot by Chris Drury.
1:47 of 3rd period - Shot Misses the Net.
1:49 of 3rd period - Slapshot by Dustin Byfuglien.
1:49 of 3rd period - Deflect By Adam Pardy.
1:49 of 3rd period - Stopped by Cam Ward with a rebound.
3:31 of 3rd period - Penalty to Ted Purcell is over, Ted Purcell is back on ice.
3:55 of 3rd period - Snap shot by Ted Purcell.
3:55 of 3rd period - Stopped by Martin Brodeur without a rebound.
3:56 of 3rd period - Matt Duchene wins face-off versus Rich Peverley in Nordiques zone.
4:55 of 3rd period - Wrist shot by Paul Gaustad.
4:55 of 3rd period - Stopped by Cam Ward with a rebound.
4:57 of 3rd period - Slapshot by Fedor Tyutin.
4:57 of 3rd period - Stopped by Cam Ward without a rebound.
4:58 of 3rd period - Chris Drury wins face-off versus Dominic Moore in Devils zone.
5:13 of 3rd period - Wrist shot by Chris Drury.
5:13 of 3rd period - Shot Misses the Net.
5:15 of 3rd period - Slapshot by T.J. Fast.
5:15 of 3rd period - Shot Misses the Net.
5:25 of 3rd period - T.J. Fast is hit by Matt Duchene and loses puck.
6:28 of 3rd period - Off-side.
6:29 of 3rd period - Dominic Moore wins face-off versus Chris Drury in neutral zone.
6:42 of 3rd period - Wrist shot by Chris Drury.
6:42 of 3rd period - Deflect By Anthony Stewart.
6:42 of 3rd period - Shot Misses the Net.
6:42 of 3rd period - Puck is out of play.
6:43 of 3rd period - Ilya Kovalchuk wins face-off versus Chris Drury in Devils zone.
7:00 of 3rd period - Wrist shot by Marek Svatos.
7:00 of 3rd period - Stopped by Cam Ward with a rebound.
7:14 of 3rd period - Minor Penalty to Matt Duchene for Cross-checking.
7:15 of 3rd period - Ilya Kovalchuk wins face-off versus Chris Drury in Devils zone.
9:14 of 3rd period - Penalty to Matt Duchene is over, Matt Duchene is back on ice.
9:44 of 3rd period - Ryan Ellis is hit by Kyle Cumiskey and loses puck.
10:25 of 3rd period - Dan Boyle is hit by Mark Eaton and loses puck.
10:38 of 3rd period - Fedor Tyutin is hit by Chris Mcallister.
12:46 of 3rd period - Snap shot by Vaclav Prospal.
12:46 of 3rd period - Shot Misses the Net.
12:48 of 3rd period - Slapshot by Ryan Ellis.
12:48 of 3rd period - Shot Blocked by Karl Alzner.
13:02 of 3rd period - Wrist shot by Ilya Kovalchuk.
13:02 of 3rd period - Shot Blocked by Ryan Ellis.
13:04 of 3rd period - Wrist shot by Tyler Arnason.
13:04 of 3rd period - Stopped by Martin Brodeur without a rebound.
13:05 of 3rd period - Tyler Arnason wins face-off versus Rich Peverley in Nordiques zone.
13:06 of 3rd period - Snap shot by Ilya Kovalchuk.
13:06 of 3rd period - Stopped by Martin Brodeur without a rebound.
13:07 of 3rd period - Chris Drury wins face-off versus Tyler Arnason in Nordiques zone.
13:20 of 3rd period - Snap shot by Chris Drury.
13:20 of 3rd period - Shot Hit the Post.
13:22 of 3rd period - Snap shot by Mark Eaton.
13:22 of 3rd period - Shot Misses the Net.
13:40 of 3rd period - Slapshot by Brad Richardson.
13:40 of 3rd period - Deflect By Matt Moulson.
13:40 of 3rd period - Shot Blocked by Mark Eaton.
13:40 of 3rd period - Puck is out of play.
13:41 of 3rd period - Vaclav Prospal wins face-off versus Brad Richardson in Nordiques zone.
13:48 of 3rd period - Brad Richardson is hit by Ryan Ellis and loses puck.
14:23 of 3rd period - Minor Penalty to Dominic Moore for Slashing.
14:24 of 3rd period - Ilya Kovalchuk wins face-off versus Chris Drury in Devils zone.
14:33 of 3rd period - Off-side.
14:34 of 3rd period - Chris Drury wins face-off versus Ilya Kovalchuk in neutral zone.
14:45 of 3rd period - Snap shot by R.J. Umberger.
14:45 of 3rd period - Goal by R.J. Umberger - Devils : 1 - Nordiques : 3.
14:46 of 3rd period - Chris Drury wins face-off versus Dominic Moore in neutral zone.
14:53 of 3rd period - Wrist shot by Marek Svatos.
14:53 of 3rd period - Shot Misses the Net.
15:29 of 3rd period - Ryan Ellis is hit by Mike Komisarek and loses puck.
15:57 of 3rd period - Icing by Dustin Byfuglien.
15:58 of 3rd period - Dominic Moore wins face-off versus Rich Peverley in Nordiques zone.
16:01 of 3rd period - Wrist shot by Ilya Kovalchuk.
16:01 of 3rd period - Shot Misses the Net.
16:07 of 3rd period - Snap shot by Rich Peverley.
16:07 of 3rd period - Stopped by Cam Ward without a rebound.
16:08 of 3rd period - Dominic Moore wins face-off versus Paul Gaustad in Devils zone.
16:15 of 3rd period - Dustin Byfuglien is hit by Ilya Kovalchuk and loses puck.
16:22 of 3rd period - Dan Boyle is hit by Paul Gaustad and loses puck.
16:35 of 3rd period - Dan Boyle is hit by Marek Svatos and loses puck.
16:40 of 3rd period - Snap shot by Chris Drury.
16:40 of 3rd period - Shot Misses the Net.
17:50 of 3rd period - Marek Svatos is hit by Chris Mcallister and loses puck.
17:55 of 3rd period - Snap shot by Chris Mcallister.
17:55 of 3rd period - Shot Misses the Net.
18:19 of 3rd period - Michael Ryder is hit by Brent Seabrook and loses puck.
19:14 of 3rd period - Snap shot by Steve Ott.
19:14 of 3rd period - Deflect By Steve Quailer.
19:14 of 3rd period - Shot Misses the Net.
19:14 of 3rd period - Puck is out of play.
19:15 of 3rd period - Dominic Moore wins face-off versus Paul Gaustad in Nordiques zone.
19:30 of 3rd period - Snap shot by Chris Drury.
19:30 of 3rd period - Shot Misses the Net.
Goals for this period are 0 for Devils vs 1 for Nordiques.
Shots for this period are 4 for Devils vs 8 for Nordiques.
Back to the Top